 Dungeon Crawl Stone Soup version 0.30.1-9-gdf580d7c3d (webtiles) character file.

Game seed: 6302180733435699954

49 booth the Charlatan (level 3, -5/26 HPs)
             Began as a Demonspawn Wanderer on Oct 8, 2023.
             Was an Initiate of Yredelemnul.
             Slain by Grinder (10 damage)
             ... on level 3 of the Dungeon on Oct 9, 2023.
             The game lasted 00:17:36 (2659 turns).

booth the Charlatan (Demonspawn Wanderer)           Turns: 2659, Time: 00:17:36

Health: -5/26      AC:  9    Str: 15    XL:     3   Next: 51%
Magic:  5/5        EV: 11    Int: 12    God:    Yredelemnul [......]
Gold:   117        SH:  5    Dex: 15    Spells: 4/4 levels left

rFire   . . .        s - +0 whip (vamp)
rCold   . . .        b - +0 buckler
rNeg    . . .        d - +0 robe
rPois   .            g - +2 helmet of the Monkey {Str+3}
rElec   .            n - +1 cloak
rCorr   .            (no gloves)
SInv    .            (no boots)
Will    .....        (no amulet)
Stlth   +            m - ring of flight
HPRegen 0.24/turn    (no ring)
MPRegen 0.09/turn

%: no passive effects
@: flying
A: icy blue scales 1, powered by pain 1
a: Renounce Religion, Recall Undead Harvest


You were on level 3 of the Dungeon.
You worshipped Yredelemnul.
Yredelemnul was noncommittal.
You visited 1 branch of the dungeon, and saw 3 of its levels.

You collected 117 gold pieces.

Inventory:

Hand Weapons
 a - a +0 dagger
 s - a +0 vampiric whip (weapon)
Armour
 b - a +0 buckler (worn)
 d - a +0 robe (worn)
 f - a +3 ring mail
 g - the +2 helmet of the Monkey (worn) {Str+3}
   (You acquired it on level 1 of the Dungeon)

   Str:       It affects your strength (+3).
 l - a +1 ring mail of poison resistance
 n - a +1 cloak (worn)
Jewellery
 m - a ring of flight (left hand)
Wands
 e - a wand of flame (9) (quivered)
Scrolls
 c - a scroll of fear
 i - a scroll of teleportation
 r - a scroll of enchant weapon {unknown}
 v - a scroll of identify
Potions
 h - a potion of haste
 j - a potion of ambrosia
 k - 2 potions of brilliance
 o - a potion of might
 p - a potion of flight {unknown}
 q - a potion of mutation {unknown}
 t - a potion of invisibility {unknown}
 u - a potion of magic {unknown}


   Skills:
 + Level 1.2 Fighting
 + Level 0.1 Maces & Flails
 + Level 1.6 Dodging
 - Level 2.6 Shields
 - Level 1.4 Spellcasting
 - Level 1.8 Translocations
 * Level 1.3 Invocations
 - Level 4.0 Evocations


You had 4 spell levels left.
You didn't know any spells.
Your spell library contained the following spells:

 Spells                   Type           Power      Damage    Failure   Level
 Blink                    Tloc           10%        N/A       26%         2
 Lesser Beckoning         Tloc           10%        N/A       26%         2
 Ensorcelled Hibernation  Hex/Ice        0%         N/A       50%         2
 Passwall                 Tmut/Erth      0%         N/A       50%         2
 Swiftness                Air            0%         N/A       75%         3


Dungeon Overview and Level Annotations

Branches:
Dungeon (3/15)

Altars:
Xom
Yredelemnul

Annotations:
D:3 Grinder


Innate Abilities, Weirdness & Mutations

You are partially covered in icy blue scales. (AC +2)
You sometimes gain a little power by taking damage.


Message History

Grinder is severely wounded.
Grinder gestures at you.
You barely resist.
Your frilled lizard zombie bites Grinder.
Grinder closely misses you.
You hit Grinder but do no damage.
Grinder is severely wounded.
Grinder blinks!
Grinder gestures at you. You resist with significant effort.
Your frilled lizard zombie closely misses Grinder.
You hit Grinder.
Grinder is severely wounded.
Your frilled lizard zombie bites Grinder but does no damage.
Grinder hits you but does no damage.
You hit Grinder but do no damage.
Grinder is severely wounded.
Your frilled lizard zombie bites Grinder but does no damage.
Grinder gestures at you. Pain shoots through your body!
You closely miss Grinder.
Grinder is severely wounded.
Grinder hits you but does no damage.
Your frilled lizard zombie bites Grinder.
You closely miss Grinder.
Grinder is severely wounded.
You block Grinder's attack.
Your frilled lizard zombie bites Grinder but does no damage.
Grinder gestures at you. Pain shoots through your body!
* * * LOW HITPOINT WARNING * * *
Aiming: Throw Flame
Press: ? - help, Q - select action, (/) - cycle Shift-Dir - straight line, f/p - Grinder
Aim: Grinder (severely wounded, strong, ally target, 68% to hit)
The puff of flame hits Grinder.
Grinder is almost dead.
Your frilled lizard zombie barely misses Grinder.
Grinder hits you!
You die...
Your body rises from the dead as a mindless zombie.

............#
#.#
...########.#
#.# .### #.#
##># ## #.#
#..# # #.#
#'###+# # #.#
#.....# #
#.####.♣♣♣.#
#
#....#5Z...#
#
####.'@._..+
###.....#
#.♣♣♣.#
#.....#
#'###'# ...
###.. #.# .#


You could see Grinder (strong, ally target) and a friendly frilled lizard
zombie.

Vanquished Creatures
  An adder (D:2)
  A dart slug (D:1)
  A ball python (D:2)
  A giant cockroach (D:1)
  A goblin (D:2)
  2 hobgoblins
  7 kobolds
  2 quokkas (D:2)
  A bat (D:2)
  2 frilled lizards
  2 rats
21 creatures vanquished.

Vanquished Creatures (collateral kills)
  A ball python (D:1)
  An endoplasm (D:2)
  A hobgoblin (D:1)
  4 quokkas
  A frilled lizard (D:2)
  4 goblins
  A rat (D:1)
13 creatures vanquished.

Vanquished Creatures (others)
  An adder zombie (D:2)
  A bat zombie (D:2)
  A ball python zombie (D:1)
  An endoplasm zombie (D:2)
  A giant cockroach zombie (D:1)
  A goblin zombie (D:2)
  2 kobold zombies (D:2)
  3 quokka zombies
  2 rat zombies
13 creatures vanquished.

Grand Total: 47 creatures vanquished

Notes
Turn   | Place    | Note
-------+----------+-------------------------------------------
     0 | D:1      | booth the Demonspawn Wanderer began the quest for the Orb.
     0 | D:1      | booth set off with the following items: a +0 dagger, a +0
                  | buckler, a scroll of fear, a +0 robe, a wand of flame (16);
                  | and the following spells available to memorise: Blink,
                  | Lesser Beckoning.
     0 | D:1      | Reached XP level 1. HP: 13/13 MP: 2/2
    44 | D:1      | Found a faded altar of an unknown god.
    93 | D:1      | Prayed at the altar of an unknown god.
    93 | D:1      | Became a worshipper of Yredelemnul the Dark
    93 | D:1      | Reached * piety under Yredelemnul
   637 | D:1      | Gained mutation: You sometimes gain a little power by
                  | taking damage. [demonic ancestry]
   637 | D:1      | Reached XP level 2. HP: 11/20 MP: 3/3
  1340 | D:1      | Identified a scroll of acquirement
  1340 | D:1      | Acquired the +2 helmet of the Monkey {Str+3}
  1784 | D:2      | Reached skill level 1 in Fighting
  1790 | D:2      | Gained mutation: You are partially covered in icy blue
                  | scales. (AC +2) [demonic ancestry]
  1790 | D:2      | Reached XP level 3. HP: 15/26 MP: 5/5
  1912 | D:2      | Reached skill level 1 in Invocations
  2607 | D:3      | Found a shimmering altar of Xom.
  2629 | D:3      | Noticed Grinder
  2632 | D:3      | Paralysed by Grinder for 5 turns
  2642 | D:3      | Paralysed by Grinder for 4 turns
  2648 | D:3      | Paralysed by Grinder for 2 turns
  2659 | D:3      | Slain by Grinder

Illustrated notes

Levels and vault maps discovered:
D:1:      co_arrival_random_square_maze, layout_loops_cross,
          basic_ecumenical_altar, minmay_stone_trees_small,
          chequers_serial_rivers_micro_e, st_stairs_14, solitary_fountain
D:2:      layout_basic, st_stairs_9, minmay_misc_feat_room
D:3:      minmay_wonky_spiral, layout_loops_ring,
          mainiacjoe_overflow_six_doors_small, tso_altar, serial_park_tiny_pond,
          kennysheep_decorative_pillar, uniq_grinder

Skill      XL: |  1  2  3 |
---------------+----------+-----
Fighting       | 1 |  1.2
Invocations    | 1 |  1.3
Maces & Flails | |  0.1
Dodging        | |  1.6
Shields        | |  2.6
Spellcasting   | |  1.4
Translocations | |  1.8
Evocations     | |  4.0

Action                     || total
---------------------------++-------
  Melee: Dagger            ||    97
         Whip              ||    20
 Invoke: Recall Undead Har ||     2
  Evoke: Wand              ||     7
    Use: Scroll            ||     8
         Potion            ||     1
   Stab: Distracted        ||     1
 Armour: Robe              ||    29
  Dodge: Dodged            ||    46
  Block: Buckler           ||    31
